 Dungeon Crawl Stone Soup version 0.18.1-8-gdd0e5ea (webtiles) character file.

334 KrisztiCat the Digger (level 6, -1/32 HPs)
             Began as a Gargoyle Earth Elementalist on June 9, 2016.
             Slain by Leafly's ghost (8 damage)
             ... on level 4 of the Dungeon.
             The game lasted 00:32:15 (3933 turns).

KrisztiCat the Digger (Gargoyle Earth Elementalist) Turns: 3933, Time: 00:32:16

Health: -1/32      AC:  8    Str: 11    XL:     6   Next: 53%
Magic:  6/13       EV: 12    Int: 18    God:
Gold:   260        SH:  0    Dex: 10    Spells: 2 memorised, 11 levels left

rFire  + . .     SeeInvis .     b - 94 stones
rCold  x . .     Gourm    .     a - +0 robe
rNeg   + . .     Faith    .     (no shield)
rPois  ∞         Spirit   .     (no helmet)
rElec  +         Dismiss  .     (no cloak)
rCorr  .         Reflect  .     g - +1 pair of gloves
SustAt +         Harm     .     (no boots)
MR     .....                    (no amulet)
Stlth  ++........               j - ring of sustain attributes
                                r - ring of fire

@: not resistant to hostile enchantments, unstealthy
A: negative energy resistance 1, electricity resistance, unbreathing,
petrification resistance, rot immunity, AC +4
a: no special abilities


You were on level 4 of the Dungeon.
You were not hungry.

You visited 1 branch of the dungeon, and saw 5 of its levels.

You collected 260 gold pieces.

Inventory:

Hand Weapons
 h - a +0 whip
 w - a +1 flail of draining
Missiles
 b - 94 stones (in hand)
Armour
 a - a +0 robe (worn)
 g - a +1 pair of gloves (worn)
Jewellery
 j - a ring of sustain attributes (right hand)
 r - a ring of fire (left hand)
Wands
 o - a wand of flame (0/48)
Scrolls
 p - a scroll of fog
 q - 2 scrolls of remove curse
 u - a scroll of amnesia
 v - a scroll of blinking {unknown}
Potions
 e - 2 potions of magic {unknown}
 i - a potion of resistance {unknown}
 k - 3 potions of agility
 l - a potion of flight {unknown}
 m - a potion of cancellation {unknown}
 n - 2 potions of might {unknown}
 s - a potion of lignification {unknown}
 t - 2 potions of ambrosia
 x - a potion of curing {unknown}
 A - 2 potions of brilliance {unknown}
Books
 c - a book of Geomancy

   Spells                             Type                      Level
   a - Sandblast                      Earth                        1
   b - Passwall                       Transmutation/Earth          2
   c - Stone Arrow                    Conjuration/Earth            3
   d - Petrify                        Transmutation/Earth          4
   e - Lee's Rapid Deconstruction     Earth                        5
Comestibles
 d - 4 bread rations
 f - 6 chunks of flesh
 z - a meat ration


   Skills:
 - Level 1.5 Dodging
 - Level 2.1 Stealth
 * Level 5.2 Spellcasting
   Level 0.7 Transmutations
 + Level 5.6 Earth Magic


You had 11 spell levels left.
You knew the following spells:

 Your Spells              Type           Power        Failure   Level  Hunger
a - Sandblast             Erth           ###...       1%          1    None
b - Stone Arrow           Conj/Erth      ##....       14%         3    ##.....


Dungeon Overview and Level Annotations

Branches:
Dungeon (5/15)             Temple (0/1) D:4

Altars:
Pakellas

Annotations:
D:4 Leafly's ghost, amateur DsFi


Innate Abilities, Weirdness & Mutations

You are resistant to torment.
Your stone body is resilient (AC +4).
You are immune to poison.
You resist negative energy.
You are resistant to electric shocks.
You can survive without breathing.
You are immune to petrification.
You are immune to rotting.


Message History

Leafly's ghost is heavily damaged.
Leafly's ghost barely misses you.
Casting: Sandblast
Confirm with . or Enter, or press ? or * to list all spells.
Aiming: Sandblast
Press: ? - help, Shift-Dir - straight line, f/p - Leafly's ghost
Aim: Leafly's ghost (heavily damaged)
The rocky blast hits Leafly's ghost.
Leafly's ghost is severely damaged.
Leafly's ghost hits you.
* * * LOW HITPOINT WARNING * * *
Casting: Sandblast
Confirm with . or Enter, or press ? or * to list all spells.
Aiming: Sandblast
Press: ? - help, Shift-Dir - straight line, f/p - Leafly's ghost
Aim: Leafly's ghost (severely damaged)
The rocky blast hits Leafly's ghost.
Leafly's ghost is severely damaged.
Leafly's ghost hits you!
You die...

.. #.# #. ...... . #.
..# .# #. #.###.#
........#### #
.♣.♣...!.. #.
.>.....###
#..♣.♣.......
#..@W[...# ####..#.##
#######'#######
#§≈≈≈≈≈.§≈§≈§§#......#
#§§.....§...§≈# ...#.#
#≈.....≈...§.§# #..#.#
#≈.....≈.....§# #..#.#
#§..≈..≈..≈..≈###..#.#
#§..≈§.≈.§≈..≈#......##


You could see Leafly's ghost.

Vanquished Creatures
  Blork the orc (D:4)
  A scorpion (D:4)
  An orc wizard (D:3)
  A centaur skeleton (D:4)
  2 worker ants (D:4)
  4 adders
  An ooze (D:4)
  2 worms (D:2)
  2 dart slugs
  2 giant geckos (D:4)
  4 orcs (D:3)
  5 bats
  4 giant cockroaches
  6 hobgoblins
  7 jackals
  3 quokkas
  3 ball pythons
  4 giant newts
  9 goblins
  9 kobolds
  4 rats
75 creatures vanquished.

Notes
Turn   | Place    | Note
--------------------------------------------------------------
     0 | D:1      | KrisztiCat the Gargoyle Earth Elementalist began the quest for the Orb.
     0 | D:1      | Reached XP level 1. HP: 10/10 MP: 3/3
   268 | D:1      | Reached XP level 2. HP: 7/15 MP: 0/5
  1211 | D:2      | Reached XP level 3. HP: 7/19 MP: 0/7
  1820 | D:2      | Reached XP level 4. HP: 20/24 MP: 0/8
  2469 | D:3      | Learned a level 3 spell: Stone Arrow
  2672 | D:3      | Reached XP level 5. HP: 23/28 MP: 3/10
  3411 | D:5      | Entered Level 5 of the Dungeon
  3502 | D:4      | Reached skill level 5 in Earth Magic
  3579 | D:4      | Found an oddly glowing altar of Pakellas.
  3608 | D:4      | Noticed Blork the orc
  3714 | D:4      | Reached XP level 6. HP: 15/32 MP: 3/13
  3818 | D:4      | Killed Blork the orc
  3818 | D:4      | Reached skill level 5 in Spellcasting
  3910 | D:4      | Found a staircase to the Ecumenical Temple.
  3921 | D:4      | Noticed Leafly's ghost (amateur DsFi)
  3933 | D:4      | Slain by Leafly's ghost

Skill      XL: |  1  2  3  4  5  6 |
---------------+-------------------+-----
Earth Magic    | 4 5 |  5.6
Spellcasting   | 3 4 5 |  5.2
Dodging        | |  1.5
Stealth        | |  2.1
Transmutations | |  0.7

Action                   |  1- 3 |  4- 6 || total
-------------------------+-------+-------++-------
Melee: Unarmed           |     1 |       ||     1
       Whip              |    21 |    26 ||    47
 Cast: Sandblast         |    78 |   128 ||   206
       Stone Arrow       |       |     1 ||     1
  Use: Scroll            |       |    11 ||    11
  Eat: Chunk             |     3 |     7 ||    10
Armor: Robe              |    22 |    40 ||    62
Dodge: Dodged            |    35 |    63 ||    98
